 Dungeon Crawl Stone Soup version 0.28-a0-1117-g0bdd5ba030 (webtiles) character file.

Game seed: 6902798151908645502

247 fragbeetle the Changer (level 6, -6/46 HPs)
             Began as a Merfolk Transmuter on Dec 12, 2021.
             Mangled by an orc warrior (18 damage)
             ... on level 6 of the Dungeon.
             The game lasted 00:11:09 (3318 turns).

fragbeetle the Changer (Merfolk Transmuter)         Turns: 3318, Time: 00:11:11

Health: -6/46      AC:  6    Str: 12    XL:     6   Next: 11%
Magic:  10/10      EV: 13    Int: 13    God:
Gold:   83         SH:  0    Dex: 14    Spells: 6/10 levels left

rFire   . . .      SeeInvis .     - Unarmed
rCold   . . .      Faith    .   (no shield)
rNeg    . . .      Spirit   .   a - +0 robe
rPois   .          Reflect  .   (no helmet)
rElec   .          Harm     .   (no cloak)
rCorr   .          Rampage  .   (no gloves)
Will    .....                   (no boots)
Stlth   +.........              (no amulet)
HPRegen 0.15/turn               h - +4 ring of protection
MPRegen 0.12/turn               (no ring)

@: confused
A: (nimble swimmer 2), mertail
a: no special abilities


You were on level 6 of the Dungeon.
You visited 1 branch of the dungeon, and saw 4 of its levels.

You collected 109 gold pieces.
You spent 26 gold pieces at shops.

Inventory:

Missiles
 k - 29 stones
 m - 2 throwing nets
Armour
 a - a +0 robe (worn)
Jewellery
 h - a +4 ring of protection (left hand)
Scrolls
 e - a scroll of fear {unknown}
 f - a scroll of teleportation {unknown}
 i - a scroll of fog
 j - a scroll of enchant armour {unknown}
 l - a scroll of holy word {unknown}
Potions
 b - a potion of lignification {unknown}
 c - 6 potions of curing
 d - a potion of ambrosia
 g - a potion of attraction


   Skills:
 * Level 2.6 Fighting
 + Level 3.5 Dodging
 + Level 4.4 Unarmed Combat
 + Level 2.9 Spellcasting
 * Level 4.8 Transmutations
 * Level 1.4 Poison Magic


You had 6 spell levels left.
You knew the following spells:

 Your Spells              Type           Power      Damage    Failure   Level
a - Beastly Appendage     Tmut           28%        N/A       3%          1
b - Spider Form           Tmut/Pois      10%        N/A       19%         3

Your spell library contained the following spells:

 Spells                   Type           Power      Damage    Failure   Level
 Wereblood                Tmut           14%        N/A       4%          2
 Summon Small Mammal      Summ           4%         N/A       24%         1
 Call Canine Familiar     Summ           1%         N/A       56%         3
 Summon Guardian Golem    Hex/Summ       1%         N/A       56%         3
 Ice Form                 Ice/Tmut       8%         N/A       63%         4


Dungeon Overview and Level Annotations

Branches:
Dungeon (3/15)

Altars:

Shops:
D:3 (**(

Annotations:
D:3 2 transporters, karrick's ghost, amateur GrFi


Innate Abilities, Weirdness & Mutations

((You are quick and stealthy near water. (Stealth+, EV+, Speed+++)))
Your lower body shifts to a powerful aquatic tail in water.


Message History

Found a chain mail.
The kobold brigand shouts!
You hear a shout! x5
There is an open door here.
As you read the scroll labelled PIDOTU GUNUOSE, it crumbles to dust.
The scroll dissolves into smoke.
It was a scroll of fog.
You closely miss the kobold brigand.
The orc wizard points at you and mumbles some strange words.
You are confused.
You hit the gnoll.
The gnoll is lightly wounded.
The gnoll hits you with a +0 flail.
The kobold brigand hits you with a +0 short sword.
The orc warrior misses you.
You bump into the stone wall.
The kobold brigand hits you with a +0 short sword.
The gnoll closely misses you.
The orc wizard hits you but does no damage.
The orc warrior hits you from afar with a +0 halberd.
You are too confused!
You're too confused to move!
The kobold brigand closely misses you. The gnoll barely misses you.
The orc warrior closely misses you.
You're too confused to move!
The kobold brigand hits you with a +0 short sword.
The gnoll closely misses you.
The orc warrior hits you from afar with a +0 halberd.
The orc wizard casts a spell.
The orc wizard flickers and vanishes!
Deactivating autopickup; reactivate with Ctrl-A.
A gnoll comes into view. It is wielding a +0 club.
The orc warrior barely misses you.
You hear some strange, mumbled words.
You are more confused.
The orc warrior hits you with a +0 halberd!
* * * LOW HITPOINT WARNING * * *
The kobold brigand throws a poisoned dart.
The poisoned dart closely misses you. The orc warrior closely misses you.
You hear some strange, mumbled words.
Something tries to affect you, but you resist.
The orc warrior hits you from afar with a +0 halberd!!
You die...

#########
#§§.§...#
#§{o§...#
#§§K§@..+
#g#######
#§§§....#
#§§go....
#........
........#
.########
. [ ##


You could see an orc warrior and a kobold brigand.

Vanquished Creatures
  2 orc priests (D:3)
  An orc wizard (D:3)
  7 adders
  5 worms
  2 dart slugs (D:2)
  6 orcs (D:3)
  5 endoplasms
  3 giant cockroaches
  15 goblins
  9 hobgoblins
  2 kobolds
  A quokka (D:2)
  6 ball pythons
  5 bats
  4 frilled lizards
  8 rats
81 creatures vanquished.

Notes
Turn   | Place    | Note
-------+----------+-------------------------------------------
     0 | D:1      | fragbeetle the Merfolk Transmuter began the quest for the
                  | Orb.
     0 | D:1      | Reached XP level 1. HP: 15/15 MP: 3/3
   255 | D:1      | Reached XP level 2. HP: 21/21 MP: 3/5
   991 | D:2      | Reached XP level 3. HP: 26/26 MP: 4/6
  1195 | D:2      | Found a faded altar of an unknown god.
  1371 | D:2      | Reached XP level 4. HP: 29/33 MP: 5/7
  1630 | D:2      | Learned a level 3 spell: Spider Form
  2010 | D:3      | Found Itosur's Weapon Shop.
  2128 | D:3      | Found Puakacru's General Store.
  2138 | D:3      | Noticed karrick's ghost (amateur GrFi)
  2143 | D:3      | Reached XP level 5. HP: 19/38 MP: 7/9
  2689 | D:3      | Identified the +7 great mace of Paper {flame, rC+ rN+
                  | Will+}
  2689 | D:3      | Noticed an ogre
  2690 | D:3      | Found a transporter.
  2690 | D:3      | Noticed an ogre
  2695 | D:3      | Found a transporter.
  2703 | D:3      | Found Suumyn's General Store.
  2711 | D:3      | Bought a scroll of identify for 26 gold pieces
  2944 | D:3      | Reached skill level 1 in Poison Magic
  3081 | D:3      | Reached XP level 6. HP: 46/46 MP: 8/10
  3154 | D:3      | Found Heol's Weapon Shop.
  3305 | D:3      | You fall into a shaft and drop 3 floors!
  3305 | D:6      | Noticed an orc warrior
  3318 | D:6      | Mangled by an orc warrior

Illustrated notes

Levels and vault maps discovered:
D:1:      ncdulo_lavacross, layout_loops_ring
D:2:      kennysheep_big_flooded_room, layout_basic,
          ebering_ecumenical_altar_sacrificial
D:3:      cheibrodos_greedy_goblins, layout_rooms, gammafunk_ghost_smash,
          serial_shops, shop, nicolae_shop_temple_entry_statues_fountains, shop,
          nicolae_shop_statue_plus, nicolae_shop_bloodbath_and_beyond
D:6:      lemuel_castle_with_subvaults [lemuel_castle_interior_carwin_3],
          layout_basic, nicolae_uskayaw_en_pointe, st_stairs_11, uniq_sigmund,
          uniq_eustachio, uniq_edmund

Skill      XL: |  1  2  3  4  5 |
---------------+----------------+-----
Transmutations | 3 4 |  4.8
Dodging        | 3 |  3.5
Fighting       | 2 |  2.6
Unarmed Combat | 4 |  4.4
Poison Magic   | 1 |  1.4
Spellcasting   | |  2.9

Action                   |  1- 3 |  4- 6 || total
-------------------------+-------+-------++-------
Melee: Unarmed           |   102 |   152 ||   254
       Headbutt          |    20 |    34 ||    54
       Punch             |     1 |     1 ||     2
 Cast: Beastly Appendage |    24 |    24 ||    48
  Use: Scroll            |       |     4 ||     4
 Stab: Sleeping          |     3 |     2 ||     5
Armor: Robe              |    21 |    32 ||    53
Dodge: Dodged            |    57 |    80 ||   137

Table legend: (Time is in decaauts)
 A = Elapsed time spent in this place.
 B = Non-inter-level travel time spent in this place.
 C = Inter-level travel time spent in this place.
 D = Time resting spent in this place.
 E = Time spent auto-exploring this place.
 F = Levels seen in this place.
 G = Mean time per level.
                   A        B        C        D        E       F      G
               +--------+--------+--------+--------+--------+-----+--------+
         Total |   3302 |   3265 |     37 |    793 |   1095 |   4 |  825.5 |
       Dungeon |   3302 |   3265 |     37 |    793 |   1095 |   4 |  825.5 |
               +--------+--------+--------+--------+--------+-----+--------+

Top non-repeatable levels by time:
     D:2: 1591 daAuts
     D:3: 861 daAuts
     D:1: 837 daAuts
     D:6: 12 daAuts
